Description

ju

Replay - game_1_vs_clem

Build Order

Get SALT Encoding   

  12  0:01  Probe  
  13  0:13  Probe  
  14  0:17  Pylon  
  14  0:25  Probe (Chrono Boost)  
  15  0:37  Probe (Chrono Boost)  
  15  0:38  Gateway  
  16  0:44  Probe (Chrono Boost)  
  16  0:47  Assimilator  
  17  0:51  Probe  
  18  1:03  Probe  
  19  1:15  Probe  
  20  1:25  Cybernetics Core  
  20  1:34  Nexus  
  20  1:37  Probe  
  21  1:46  Pylon  
  21  1:49  Probe  
  21  1:54  Assimilator  
  21  2:01  Stalker (Chrono Boost)  
  21  2:02  Warp Gate  
  25  2:30  Twilight Council  
  26  2:39  Stalker  
  30  2:56  Shield Battery  
  30  2:57  Blink (Chrono Boost)  
  34  3:14  Gateway  
  36  3:30  Robotics Facility  
  40  3:53  Nexus  
  40  3:58  Stalker  
  40  4:01  Pylon  
  44  4:08  Stalker  
  46  4:15  Pylon  
  46  4:17  Warp Prism (Chrono Boost)  
  46  4:23  Stalker  
  52  4:39  Stalker  
  52  4:45  Charge  
  56  4:46  Gateway x2  
  56  4:57  Pylon  
  58  5:03  Forge, Immortal (Chrono Boost)  
  62  5:11  Shield Battery  
  63  5:16  Stalker  
  64  5:28  Stalker  
  64  5:32  Gateway  
  69  5:35  Observer  
  70  5:47  Protoss Ground Weapons Level 1 (Chrono Boost)  
  71  5:50  Gateway x2  
  71  5:56  Gateway x3  
  73  6:01  Sentry, Zealot  
  80  6:23  Zealot x3  
  85  6:32  Zealot x2  
  88  6:46  Zealot x4  
  84  6:53  Stalker x2  
  92  6:58  Shield Battery  
  92  7:01  Assimilator x2  
  111  7:46  Immortal  
  106  8:16  Sentry  
  115  9:12  Protoss Ground Armor Level 1 (Chrono Boost)  
  112  9:23  Immortal (Chrono Boost)  
  112  9:27  Sentry x3  
  112  9:50  Templar Archives  
Spawning Tool Build Advisor. Get it on Overwolf

Go to:

Details

  • Created by: lucahecker
  • Published on: Nov 27, 2021
  • Modified on: Nov 27, 2021
  • Patch: 4.11.0
  • Difficulty: Hard
Show
View Real Time Build Order
Export as new Build Order

Comments (0)

There are no comments. Be the first!

Create an account to comment!